 Dungeon Crawl Stone Soup version 0.17-b1-25-g6d8775f (webtiles) character file.

3059 4thArraOfDagon the Cleaver (level 9, -13/49 HPs)
             Began as a Vine Stalker Berserker on Nov 5, 2015.
             Was a Believer of Trog.
             Mangled by a gargoyle
             ... wielding a +0 morningstar
              (15 damage)
             ... on level 11 of the Dungeon.
             The game lasted 00:07:36 (1479 turns).

4thArraOfDagon the Cleaver (Vine Stalker Berserker) Turns: 1479, Time: 00:07:36

Health: -13/49     AC: 12    Str: 25    XL:     9   Next: 87%
Magic:  0/21       EV:  7    Int:  9    God:    Trog [**....]
Gold:   159        SH:  0    Dex: 14    Spells: 0 memorised, 8 levels left

rFire  . . .     SeeInvis .     d - +1 hand axe (flame)
rCold  . . .     Clarity  .     p - +0 plate armour
rNeg   . . .     SustAt   .     (no shield)
rPois  .         Gourm    .     (helmet restricted)
rElec  .         Spirit   +     (no cloak)
rCorr  .         Warding  .     (no gloves)
rMut   .         Stasis   .     (no boots)
MR     +....                    (no amulet)
Stlth  ..........               (no ring)
                                h - ring of magical power

@: exhausted, slowed, very slow, somewhat resistant to hostile enchantments,
extremely unstealthy
A: antennae 1, fangs 3, clever 1, regeneration 2, spit poison 1, strong 1, wild
magic 1, magic shield, antimagic bite, no device heal 3, rot immunity
a: Spit Poison, Berserk, Trog's Hand, Burn Spellbooks, Renounce Religion


You were on level 11 of the Dungeon.
You worshipped Trog.
Trog was pleased with you.
You were very hungry.

You visited 1 branch of the dungeon, and saw 11 of its levels.

You collected 159 gold pieces.

Inventory:

Hand Weapons
 d - a +1 hand axe of flaming (weapon)
 s - a +0 battleaxe
Armour
 p - a +0 plate armour (worn)
Jewellery
 h - a ring of magical power (left hand)
Wands
 r - a wand of draining (6)
Scrolls
 a - 2 scrolls of teleportation {unknown}
 b - a scroll of identify {unknown}
 e - a scroll of immolation {unknown}
 f - a scroll of enchant weapon
 g - 2 scrolls of remove curse {unknown}
 i - 2 scrolls of random uselessness {unknown}
 l - a scroll of fog {unknown}
 m - a scroll of blinking {unknown}
 n - a scroll of recharging {unknown}
 q - a scroll of enchant armour {unknown}
 t - a scroll of torment {unknown}
Potions
 j - a potion of lignification {unknown}
 o - a potion of poison {unknown}
 u - a potion of curing {unknown}
 w - a potion of magic {unknown}
Books
 v - a book of Alchemy

   Spells                             Type                      Level
   a - Sublimation of Blood           Necromancy                   2
   b - Ignite Poison                  Fire/Transmutation/Poison    3
   c - Alistair's Intoxication        Transmutation/Poison         4
   d - Condensation Shield            Ice                          4
   e - Petrify                        Transmutation/Earth          4
   f - Irradiate                      Conjuration/Transmutation    5
   Trog disapproves of the use of such an item.
Comestibles
 c - 3 bread rations
 k - 9 chunks of flesh


   Skills:
 + Level 6.3 Fighting
 * Level 8.8 Axes
 + Level 5.5 Armour
 - Level 1.5 Dodging
 + Level 3.6 Evocations


You had 8 spell levels left.
You didn't know any spells.

Dungeon Overview and Level Annotations

Branches:
Dungeon (11/15)
 Temple: D:4-7         Lair: D:8-11         Orc: D:9-12

Altars:
Cheibriados
Ru
Sif Muna
Zin
The Shining One

Annotations:
D:8 Prince Ribbit


Innate Abilities, Weirdness & Mutations

You have razor-sharp teeth.
You heal very quickly.
When hurt, damage is shared between your health and your magic reserves.
Your bite disrupts and absorbs the magic of your enemies.
Potions and wands cannot restore your health.
You are immune to rotting.
You have a pair of small antennae on your head.
Your mind is acute. (Int +2)
You can spit weak poison.
Your muscles are strong. (Str +2)
Your spells are a little harder to cast, but a little more powerful.


Message History

You hit the gargoyle but do no damage.
You bite the gargoyle, but do no damage.
The gargoyle is severely damaged.
Your skin stops crawling.
You feel less resistant to hostile enchantments.
The gargoyle hurls a stone arrow at you.
The stone arrow hits you!
You hit the gargoyle but do no damage.
You bite the gargoyle, but do no damage.
The gargoyle is severely damaged.
The gargoyle hits you with a morningstar!
* * * LOW HITPOINT WARNING * * *
Unknown command.
You hit the gargoyle but do no damage. Your bite misses the gargoyle.
The gargoyle is severely damaged.
The gargoyle hurls a stone arrow at you.
The stone arrow hits you!
* * * LOW HITPOINT WARNING * * *
The gargoyle hits you with a morningstar!
You die...

$... .... ## ## #..# ##.##
.##O.# +..... ....# #.....
... #...# #### #.# ..
##+##...####..###'###.##
..##..##........@)..........
.......#.........9.)........
.......#>....##########..##'
.......#.....# ..#
......##.....# ..+
.(....##..<..# .#
....รท))......# ##
....)........#
....)...........


You could see a gargoyle.

Vanquished Creatures
  A hill giant (D:11)
  A troll (D:10)
  A wyvern (D:9)
  A hippogriff (D:9)
  A sky beast (D:7)
  2 orc warriors
  A slave (D:9)
  2 ogres
  3 centaurs
  A giant frog (D:11)
  A scorpion (D:9)
  5 killer bees (D:10)
  3 wights (D:9)
  A quasit (D:9)
  2 centaur skeletons
  3 crimson imps
  5 orc wizards
  4 iguanas
  3 hounds
  A human skeleton (D:9)
  4 worker ants
  A hound skeleton (D:4)
  4 gnolls (D:11)
  A shadow imp (D:9)
  2 adders (D:7)
  An ooze (D:3)
  A giant gecko (D:6)
  9 orcs
  2 bats (D:1)
  2 giant cockroaches
  3 hobgoblins
  A kobold (D:1)
  A ball python (D:1)
  A giant newt (D:6)
  2 goblins
77 creatures vanquished.

Vanquished Creatures (others)
  A giant gecko (D:10)
1 creature vanquished.

Grand Total: 78 creatures vanquished

Notes
Turn   | Place    | Note
--------------------------------------------------------------
     0 | D:1      | 4thArraOfDagon the Vine Stalker Berserker began the quest for the Orb.
     0 | D:1      | Reached XP level 1. HP: 11/11 MP: 2/2
   148 | D:1      | Reached skill level 3 in Axes
   148 | D:1      | Reached XP level 2. HP: 8/16 MP: 3/3
   358 | D:4      | Reached XP level 3. HP: 20/20 MP: 4/4
   359 | D:4      | Reached XP level 4. HP: 22/24 MP: 5/5
   394 | D:4      | Reached skill level 4 in Axes
   406 | D:4      | Reached XP level 5. HP: 7/28 MP: 6/6
   503 | D:5      | Entered Level 5 of the Dungeon
   531 | D:6      | Found a snail-covered altar of Cheibriados.
   534 | D:6      | Noticed a centaur
   541 | D:6      | Killed a centaur
   541 | D:6      | Reached ** piety under Trog
   541 | D:6      | Gained mutation: You heal very quickly. [Vine Stalker growth]
   541 | D:6      | Reached XP level 6. HP: 11/33 MP: 3/7
   602 | D:5      | Found a glowing silver altar of Zin.
   709 | D:7      | Reached skill level 5 in Axes
   716 | D:7      | Gained mutation: You have a pair of small antennae on your head. [mutagenic meat]
   717 | D:7      | Gained mutation: Your muscles are strong. (Str +2) [mutagenic meat]
   718 | D:7      | Gained mutation: You can spit weak poison. [mutagenic meat]
   719 | D:7      | Gained mutation: Your mind is acute. (Int +2) [mutagenic meat]
   721 | D:7      | Gained mutation: Your spells are a little harder to cast, but a little more powerful. [mutagenic meat]
   767 | D:7      | Reached XP level 7. HP: 33/37 MP: 8/8
   913 | D:8      | Noticed Prince Ribbit
   936 | D:9      | Reached skill level 6 in Axes
   945 | D:9      | Gained mutation: You have razor-sharp teeth. [Vine Stalker growth]
   945 | D:9      | Reached XP level 8. HP: 42/42 MP: 9/9
   991 | D:9      | Found a glowing golden altar of the Shining One.
  1082 | D:9      | Reached skill level 5 in Fighting
  1113 | D:10     | Entered Level 10 of the Dungeon
  1115 | D:10     | Noticed a troll
  1148 | D:10     | Reached skill level 7 in Axes
  1152 | D:10     | Killed a troll
  1152 | D:10     | Reached skill level 1 in Evocations
  1184 | D:9      | Noticed a hippogriff
  1193 | D:9      | Killed a hippogriff
  1207 | D:9      | Reached XP level 9. HP: 29/47 MP: 11/11
  1290 | D:9      | Found a deep blue altar of Sif Muna.
  1290 | D:9      | Found a sacrificial altar of Ru.
  1347 | D:10     | Reached skill level 8 in Axes
  1395 | D:11     | Noticed a centaur skeleton
  1403 | D:11     | Killed a centaur skeleton
  1403 | D:11     | Reached skill level 5 in Armour
  1450 | D:11     | Noticed a hill giant
  1456 | D:11     | Killed a hill giant
  1456 | D:11     | Reached *** piety under Trog
  1465 | D:11     | Noticed a gargoyle
  1479 | D:11     | HP: 2/49 [gargoyle/stone arrow (5)]
  1479 | D:11     | Mangled by a gargoyle

Action                   |  1- 3 |  4- 6 |  7- 9 || total
-------------------------+-------+-------+-------++-------
Melee: Hand axe          |    33 |    63 |   139 ||   235
Invok: Berserk           |     1 |     3 |     9 ||    13
       Trog's Hand       |       |       |     3 ||     3
  Use: Potion            |       |     1 |       ||     1
       Scroll            |       |       |     1 ||     1
 Stab: Sleeping          |     1 |       |       ||     1
  Eat: Chunk             |       |    10 |    11 ||    21
